 Dungeon Crawl Stone Soup version 0.27-a0-1066-g29160eaed2 (webtiles) character file.

Game seed: 15406945899235597974

65 LordDeathwing the Covered (level 4, 0/35 (36) HPs)
             Began as a Hill Orc Fighter on Apr 24, 2021.
             Was a Believer of Hepliaklqana.
             Slain by Crazy Yiuf
             ... wielding a +4 quarterstaff of chaos
              (9 damage)
             ... on level 2 of the Dungeon.
             The game lasted 00:03:58 (1801 turns).

LordDeathwing the Covered (Hill Orc Fighter)        Turns: 1801, Time: 00:04:00

HP:   0/35 (36)     AC:  7    Str: 19    XL:     4   Next: 14%
MP:   0/4           EV:  7    Int:  8    God:    Hepliaklqana [**....]
Gold: 85            SH:  9    Dex: 10    Spells: 3/3 levels left

rFire    . . .     SeeInvis .   a - +0 war axe
rCold    . . .     Faith    .   c - +0 kite shield
rNeg     . . .     Spirit   +   b - +0 scale mail
rPois    .         Reflect  .   (no helmet)
rElec    .         Harm     .   (no cloak)
rCorr    +         Rampage  .   (no gloves)
Will     .....                  (no boots)
Stlth    ..........             i - amulet of guardian spirit
HPRegen  0.11/turn              e - ring of resist corrosion
MPRegen  0.09/turn              (no ring)

@: lethally poisoned (0 -> -7), studying Long Blades, lightly drained
A: reduced essence
a: Renounce Religion, Recall Ancestor, Ancestor Identity


You were on level 2 of the Dungeon.
You worshipped Hepliaklqana.
Hepliaklqana was pleased with you.
You visited 1 branch of the dungeon, and saw 2 of its levels.

You collected 85 gold pieces.

Inventory:

Hand Weapons
 a - a +0 war axe (weapon)
Armour
 b - a +0 scale mail (worn)
 c - a +0 kite shield (worn)
Jewellery
 e - a ring of resist corrosion (left hand)
 i - an amulet of guardian spirit (around neck)
Scrolls
 g - a scroll of enchant armour {unknown}
 h - a scroll of noise {unknown}
 k - a scroll of magic mapping {unknown}
Potions
 d - 2 potions of might
 f - a potion of cancellation {unknown}
 j - a potion of degeneration {unknown}
 l - a potion of haste {unknown}


   Skills:
 + Level 3.8 Fighting
 + Level 3.7 Axes
 + Level 4.0 Armour
 + Level 0.3 Dodging
 + Level 0.1 Stealth
 + Level 3.9 Shields


You had 3 spell levels left.
You didn't know any spells.
Your spell library was empty.

Dungeon Overview and Level Annotations

Branches:
Dungeon (2/15)

Altars:
Hepliaklqana

Annotations:
D:2 Crazy Yiuf


Message History

Crazy Yiuf is lightly wounded.
Crazy Yiuf hits you with a +4 quarterstaff of chaos.
Crazy Yiuf freezes you.
You hit Crazy Yiuf but do no damage.
Crazy Yiuf is lightly wounded.
Crazy Yiuf zaps a wand.
You hit Crazy Yiuf but do no damage.
Crazy Yiuf is lightly wounded.
Crazy Yiuf misses you.
You hit Crazy Yiuf.
Crazy Yiuf is lightly wounded.
Your transformation has ended.
Your +0 war axe unmelds from your body.
Your +0 kite shield unmelds from your body.
Your +0 scale mail unmelds from your body.
Your ring of resist corrosion unmelds from your body.
Crazy Yiuf says, "Sif Muna!"
Crazy Yiuf zaps a wand.
You resist with some effort.
The now-empty wand crumbles to dust.
You slash Crazy Yiuf!
Crazy Yiuf is heavily wounded.
You block Crazy Yiuf's attack.
Crazy Yiuf waves his quarterstaff at you.
Crazy Yiuf hits you with a +4 quarterstaff of chaos!
Crazy Yiuf freezes you.
You closely miss Crazy Yiuf.
Crazy Yiuf is heavily wounded.
You block Crazy Yiuf's attack.
Your scale mail prevents you from hitting Crazy Yiuf.
Crazy Yiuf is heavily wounded.
Crazy Yiuf hits you with a +4 quarterstaff of chaos!
Crazy Yiuf draws strength from your wounds!
You block Crazy Yiuf's attack.
You hit Crazy Yiuf but do no damage.
Crazy Yiuf is lightly wounded.
Crazy Yiuf hits you with a +4 quarterstaff of chaos.
* * * LOW HITPOINT WARNING * * *
You are poisoned.
Crazy Yiuf hits you with a +4 quarterstaff of chaos!
You die...

#.# #.# ##### #.#### ....#
#....## ###.######.....#
#............#### ###
#######.........## ###..)#
###..........####)'...#
#.........@g..#..##)..#
#######.###...†....#)### ###
## .........###.######### #.
.........###.### #.
#######........############
#. ...#
#..###......(.......### #.
##.####..###.###............#
#. ##...........#
##########.#.# #. .#
####......# #.#.# #.


You could see Crazy Yiuf.

Vanquished Creatures
  A gnoll (D:1)
  A dart slug (D:1)
  A hexer (D:2)
  8 ball pythons
  2 endoplasms (D:1)
  A giant cockroach (D:1)
  6 goblins (D:1)
  2 hobgoblins
  2 jackals (D:1)
  7 bats
  A frilled lizard (D:2)
  A kobold (D:1)
  4 rats
37 creatures vanquished.

Vanquished Creatures (collateral kills)
  An adder (D:2)
  A bat (D:1)
  2 endoplasms (D:1)
  A kobold (D:2)
  A rat (D:2)
6 creatures vanquished.

Grand Total: 43 creatures vanquished

Notes
Turn   | Place    | Note
-------+----------+-------------------------------------------
     0 | D:1      | LordDeathwing the Hill Orc Fighter began the quest for the
                  | Orb.
     0 | D:1      | Reached XP level 1. HP: 19/19 MP: 1/1
    97 | D:1      | Found a faded altar of an unknown god.
   174 | D:1      | Became a worshipper of Hepliaklqana the Forgotten
   174 | D:1      | Reached * piety under Hepliaklqana
   193 | D:1      | Reached XP level 2. HP: 17/24 MP: 2/2
   334 | D:1      | Reached XP level 3. HP: 19/29 MP: 3/3
   967 | D:1      | Reached skill level 4 in Armour
  1298 | D:2      | Reached ** piety under Hepliaklqana
  1358 | D:2      | Remembered your ancestor Wystan as a hexer
  1740 | D:2      | Reached XP level 4. HP: 36/36 MP: 4/4
  1747 | D:2      | Found a runed translucent door.
  1748 | D:2      | Noticed Crazy Yiuf
  1801 | D:2      | Slain by Crazy Yiuf

Illustrated notes

Levels and vault maps discovered:
D:1:      dpeg_arrival_pond, layout_basic, basic_ecumenical_altar
D:2:      layout_loops_ring, uniq_crazy_yiuf_cottage

Skill      XL: |  1  2  3 |
---------------+----------+-----
Axes           | 3 |  3.7
Armour         | 4 |  4.0
Fighting       | |  3.8
Dodging        | |  0.3
Stealth        | |  0.1
Shields        | |  3.9

Action                   |  1- 3 |  4- 6 || total
-------------------------+-------+-------++-------
Melee: War axe           |   110 |     9 ||   119
       Unarmed           |       |    12 ||    12
Invok: Ancestor Life: He |     1 |       ||     1
 Stab: Distracted        |     1 |       ||     1
Armor: Scale mail        |   100 |       ||   100
Dodge: Dodged            |    60 |     7 ||    67
Block: Kite shield       |   102 |     5 ||   107

Table legend: (Time is in decaauts)
 A = Elapsed time spent in this place.
 B = Non-inter-level travel time spent in this place.
 C = Inter-level travel time spent in this place.
 D = Time resting spent in this place.
 E = Time spent auto-exploring this place.
 F = Levels seen in this place.
 G = Mean time per level.
                   A        B        C        D        E       F      G
               +--------+--------+--------+--------+--------+-----+--------+
         Total |   1855 |   1798 |     57 |      0 |   1198 |   2 |  927.5 |
       Dungeon |   1855 |   1798 |     57 |      0 |   1198 |   2 |  927.5 |
               +--------+--------+--------+--------+--------+-----+--------+

Top non-repeatable levels by time:
     D:1: 1226 daAuts
     D:2: 629 daAuts
